 Dungeon Crawl Stone Soup version 0.27-a0-1144-g0b7d3b79db (webtiles) character file.

Game seed: 1528473604667689487

21 neco the Firebug (level 2, 0/17 HPs)
             Began as an Octopode Fire Elementalist on May 11, 2021.
             Slain by a jackal (2 damage)
             ... on level 2 of the Dungeon.
             The game lasted 00:09:22 (762 turns).

neco the Firebug (Octopode Fire Elementalist)        Turns: 762, Time: 00:09:22

Health: 0/17       AC:  1    Str:  7    XL:     2   Next: 83%
Magic:  5/5        EV: 13    Int: 17    God:
Gold:   50         SH:  0    Dex: 12    Spells: 4/5 levels left

rFire    . . .     SeeInvis .   l - +0 short sword
rCold    . . .     Faith    .   (no shield)
rNeg     . . .     Spirit   .   (helmet restricted)
rPois    .         Reflect  .   (no amulet)
rElec    .         Harm     .   (no ring)
rCorr    .         Rampage  .   (no ring)
Will     .....                  (no ring)
Stlth    +++.......             (no ring)
HPRegen  0.05/turn              (no ring)
MPRegen  0.09/turn              (no ring)
                                (no ring)
                                (no ring)

@: lethally poisoned (0 -> -6)
A: almost no armour, amphibious, 8 rings, camouflage 1, gelatinous body 1,
(nimble swimmer 1), tentacles
a: no special abilities


You were on level 2 of the Dungeon.
You visited 1 branch of the dungeon, and saw 2 of its levels.

You collected 50 gold pieces.

Inventory:

Hand Weapons
 d - a +0 dagger
 e - a +0 club
 f - a +0 short sword
 i - a +0 dagger
 k - a +0 dagger
 l - a +0 short sword (weapon)
Missiles
 a - a stone
 b - 49 arrows
 j - 25 sling bullets
Potions
 c - a potion of might


   Skills:
 + Level 2.2 Dodging
 + Level 2.8 Stealth
 + Level 0.4 Unarmed Combat
 + Level 2.0 Spellcasting
 + Level 1.0 Conjurations
 + Level 3.5 Fire Magic


You had 4 spell levels left.
You knew the following spells:

 Your Spells              Type           Power      Damage    Failure   Level
a - Foxfire               Conj/Fire      36%        2x1d5     8%          1

Your spell library contained the following spells:

 Spells                   Type           Power      Damage    Failure   Level
 Conjure Flame            Conj/Fire      9%         6-21      22%         3
 Inner Flame              Hex/Fire       7%         N/A       28%         3
 Sticky Flame             Conj/Fire      9%         2d3       58%         4
 Fireball                 Conj/Fire      4%         3d4       90%         5


Dungeon Overview and Level Annotations

Branches:
Dungeon (2/15)

Altars:


Innate Abilities, Weirdness & Mutations

You cannot wear most types of armour.
You are amphibious.
You can wear up to eight rings at the same time.
Your skin changes colour to match your surroundings (Stealth+).
Your rubbery body absorbs attacks. (AC +1, EV +1)
((You are camouflaged near water. (Stealth+)))
You have tentacles for arms and can constrict up to eight enemies at once.


Message History

You kill the bat!
You see here a ball python skeleton.
There is an escape hatch in the floor here.
l - a +0 short sword (weapon)
There is an escape hatch in the floor here.
Unknown command.
You slide downwards.
The hatch slams shut behind you.
A jackal comes into view.
A jackal comes into view.
The jackal barks! x2; You hear an angry hiss.
An adder comes into view.
A goblin comes into view. It is wielding a +0 club.
Found an escape hatch in the ceiling.
The jackal barely misses you. The adder bites you.
You are poisoned.
The adder poisons you! The jackal bites you. The jackal barely misses you.
The goblin shouts!
You hit the adder. You grab the adder.
The adder is moderately wounded.
You constrict the adder.
You feel sick. The adder misses you. The jackal misses you.
The jackal bites you. The adder bites you.
You are lethally poisoned!
The adder poisons you!
The jackal bites you but does no damage.
As you read the scroll labelled ITROXUOSSI, it crumbles to dust.
You hear a loud clanging noise!
It was a scroll of noise.
You constrict the adder.
You feel sick.
You hear a shout! x3; You hear an angry hiss.
The jackal bites you.
* * * LOW HITPOINT WARNING * * *
The adder barely misses you. The jackal closely misses you.
The jackal bites you but does no damage.
As you read the scroll labelled GIUJYU LUTWIAMP, it crumbles to dust.
It is a scroll of identify.
c - a potion of might You constrict the adder.
* * * LOW HITPOINT WARNING * * *
You feel sick. The adder closely misses you. The jackal bites you.
You die...

#..# . #..# . #
#..##. .
#.#.... # ..
#.#..g#.#...
.....#....#
###.S.......
#...@.#...#.
#.##hh#.#...
#......... #.
#...#...#<
##...#.......#
..........#..#
###...#........
##..#.#.#....
....#......##


You could see an adder, 2 jackals and a goblin.

Vanquished Creatures
  A bat (D:1)
  A giant cockroach (D:1)
  3 goblins (D:1)
  3 hobgoblins (D:1)
  3 quokkas (D:1)
  3 ball pythons (D:1)
  A frilled lizard (D:1)
  2 kobolds (D:1)
  2 rats (D:1)
19 creatures vanquished.

Vanquished Creatures (others)
  5 foxfires (D:1)
5 creatures vanquished.

Grand Total: 24 creatures vanquished

Notes
Turn   | Place    | Note
-------+----------+-------------------------------------------
     0 | D:1      | neco the Octopode Fire Elementalist began the quest for the
                  | Orb.
     0 | D:1      | Reached XP level 1. HP: 11/11 MP: 3/3
   241 | D:1      | Reached XP level 2. HP: 17/17 MP: 5/5
   762 | D:2      | Slain by a jackal

Illustrated notes

Levels and vault maps discovered:
D:1:      erik_arrival_orb_chamber, layout_loops_ring, minmay_split_cup_small
D:2:      layout_basic, serial_shops, shop, mrwooster_statue_mirror

Action                   || total
-------------------------++-------
Melee: Unarmed           ||     9
       Constrict         ||    11
       Tentacles         ||     5
       Dagger            ||    23
       Short sword       ||     1
 Cast: Foxfire           ||     4
  Use: Scroll            ||     2
 Stab: Sleeping          ||     9
Armor: Skin              ||     4
Dodge: Dodged            ||    17

Table legend: (Time is in decaauts)
 A = Elapsed time spent in this place.
 B = Non-inter-level travel time spent in this place.
 C = Inter-level travel time spent in this place.
 D = Time resting spent in this place.
 E = Time spent auto-exploring this place.
 F = Levels seen in this place.
 G = Mean time per level.
                   A        B        C        D        E       F      G
               +--------+--------+--------+--------+--------+-----+--------+
         Total |    760 |    760 |      0 |      0 |      0 |   2 |  380.0 |
       Dungeon |    760 |    760 |      0 |      0 |      0 |   2 |  380.0 |
               +--------+--------+--------+--------+--------+-----+--------+

Top non-repeatable levels by time:
     D:1: 753 daAuts
     D:2: 7 daAuts
